Map: Deathaura LE

Players

AGOElazer (Elazer)

  • Race: Zerg Zerg
  • League: Master
  • Spawn Location: 11:00

Geralt (Gerald) - Winner!

  • Race: Protoss Protoss
  • League: Grandmaster
  • Spawn Location: 5:00

Event: DreamHack SC2 Masters 2020 Fall

VOD

Have the link to the VOD?

Description

Time

  • Played on: Sept. 10, 2020, 12:33 p.m.
  • Length: 10:13

All games in this series

Show
View Real Time Build Order
Export as new Build Order

AGOElazer Zerg 

Build Orders: Hatch First 

Get SALT Encoding   

  12  0:00  Drone  
  13  0:12  Overlord  
  13  0:16  Drone  
  14  0:30  Drone x2  
  16  0:47  Hatchery  
  15  0:50  Drone  
  15  0:54  Drone  
  17  0:57  Drone  
  18  1:08  Extractor  
  17  1:12  Spawning Pool  
  17  1:15  Drone  
  17  1:19  Drone  
  18  1:28  Drone  
  19  1:38  Drone  
  20  1:44  Hatchery  
  19  1:49  Drone  
  20  1:58  Queen  
  20  2:00  Drone  
  23  2:03  Drone  
  24  2:09  Drone  
  24  2:12  Overlord  
  25  2:20  Queen  
  27  2:23  Drone  
  28  2:31  Drone x2  
  28  2:32  Drone  
  28  2:37  Queen  
  31  2:42  Drone x2  
  35  2:53  Metabolic Boost  
  35  2:54  Overlord  
  35  2:55  Drone  
  35  2:58  Queen  
  36  3:02  Drone  
  36  3:03  Drone  
  40  3:07  Drone x2  
  40  3:12  Queen  
  42  3:15  Zergling x2  
  42  3:18  Drone x2  
  47  3:27  Drone x2  
  49  3:29  Drone, Spore Crawler  
  48  3:35  Drone x2  
  48  3:38  Drone  
  49  3:43  Drone  
  49  3:46  Overlord  
  49  3:48  Spore Crawler x2  
  49  3:49  Zergling x2  
  49  3:50  Zergling x2  
  50  3:59  Overlord  
  47  4:03  Drone x4  
  47  4:05  Drone x2  
  50  4:11  Drone x3  
  50  4:13  Drone x2  
  55  4:20  Drone x4  
  55  4:23  Overlord  
  59  4:31  Drone x4  
  63  4:35  Extractor  
  63  4:36  Drone, Roach Warren  
  62  4:43  Zergling x6  
  65  4:47  Overlord  
  65  4:48  Drone  
  66  4:53  Extractor  
  66  4:54  Drone  
  66  4:57  Lair  
  66  4:59  Overlord  
  66  5:06  Drone x8  
  74  5:17  Queen, Overlord  
  74  5:19  Drone x6  
  74  5:20  Extractor  
  74  5:21  Drone x2, Evolution Chamber  
  82  5:27  Overlord  
  82  5:31  Overlord  
  81  5:36  Drone x3  
  81  5:37  Drone  
  81  5:40  Overlord  
  85  5:44  Hatchery  
  85  5:45  Overlord  
  85  5:47  Zerg Melee Weapons Level 1  
  85  5:49  Roach x2  
  87  5:51  Roach x3  
  87  5:53  Roach  
  87  5:55  Roach  
  97  5:58  Spine Crawler, Overlord  
  97  5:59  Roach  
  97  6:00  Roach x2  
  97  6:02  Spine Crawler  
  103  6:04  Roach  
  103  6:05  Roach  
  103  6:09  Roach x2  
  103  6:10  Roach x2  
  113  6:12  Glial Reconstitution  
  113  6:15  Overlord  
  113  6:23  Roach  
  113  6:24  Roach x5  
  117  6:32  Overlord  
  110  6:34  Zergling x4  
  109  6:41  Overlord  
  109  6:42  Drone x5  
  109  6:45  Drone x2  
  109  6:46  Drone  
  117  6:48  Drone  
  117  6:51  Drone x3  
  121  6:55  Drone  
  121  6:58  Spore Crawler  
  121  7:01  Extractor  
  121  7:02  Extractor  
  121  7:04  Drone  
  121  7:05  Drone  
  121  7:06  Drone x4  
  118  7:13  Drone x7  
  117  7:20  Drone x2  
  115  7:24  Drone  
  112  7:30  Drone  
  112  7:33  Drone  
  112  7:36  Drone x6  
  120  7:37  Drone  
  120  7:41  Drone  
  122  7:44  Zerg Melee Weapons Level 2, Pneumatized Carapace  
  122  7:55  Overlord  
  122  7:56  Drone x5  
  122  7:58  Drone, Hatchery  
  123  8:07  Infestation Pit  
  123  8:08  Overlord  
  123  8:09  Drone x7  
  123  8:11  Drone  
  124  8:17  Overlord  
  120  8:21  Overlord, Baneling Nest  
  117  8:30  Zergling x12  
  121  8:36  Roach  
  121  8:37  Roach x3  
  121  8:40  Roach x2  
  133  8:42  Hatchery  
  133  8:45  Extractor  
  133  8:47  Hive, Overlord  
  131  8:48  Extractor  
  131  8:53  Overlord  
  126  8:56  Drone x6  
  126  9:00  Drone  
  126  9:02  Overlord  
  129  9:04  Drone x5  
  133  9:14  Overlord  
  133  9:16  Hydralisk Den  
  132  9:18  Zergling x4  
  132  9:21  Zergling x4  
  136  9:29  Zergling x2  
  136  9:30  Zergling x10  
  142  9:34  Roach  
  142  9:35  Roach x4  
  142  9:37  Overlord  
  149  9:40  Ravager x7  
  149  9:41  Roach x4  
  149  9:44  Zergling x4  
  149  9:45  Baneling  
  164  9:47  Zergling x4  
  155  9:54  Roach  
Show
View Real Time Build Order
Export as new Build Order

Geralt Protoss - Winner!

Build Orders: 1 Gate Expand, Oracle Opening 

Get SALT Encoding   

  12  0:00  Probe  
  13  0:12  Probe  
  14  0:17  Pylon  
  14  0:24  Probe  
  14  0:27  Assimilator  
  15  0:37  Probe (Chrono Boost)  
  15  0:42  Gateway  
  16  0:46  Probe (Chrono Boost)  
  17  0:51  Probe (Chrono Boost)  
  18  1:03  Probe  
  19  1:15  Probe  
  20  1:22  Nexus  
  20  1:27  Probe  
  21  1:35  Cybernetics Core  
  21  1:39  Probe  
  22  1:45  Assimilator  
  22  1:51  Probe  
  22  1:53  Pylon  
  23  2:11  Probe, Stalker (Chrono Boost)  
  23  2:12  Stargate  
  26  2:24  Probe  
  26  2:25  Warp Gate  
  27  2:32  Adept (Chrono Boost)  
  27  2:34  Probe  
  27  2:36  Probe  
  31  2:47  Probe  
  31  2:48  Probe  
  33  2:56  Oracle (Chrono Boost)  
  36  2:59  Probe  
  36  3:00  Probe  
  36  3:02  Pylon  
  38  3:11  Probe  
  38  3:12  Probe  
  42  3:23  Oracle (Chrono Boost), Probe  
  42  3:24  Probe  
  45  3:29  Assimilator  
  45  3:35  Probe  
  46  3:42  Probe  
  46  3:45  Twilight Council  
  46  3:47  Probe  
  48  3:52  Adept  
  48  3:54  Probe  
  51  3:55  Gateway  
  51  3:56  Gateway  
  51  3:59  Probe  
  52  4:06  Probe  
  53  4:10  Gateway  
  53  4:11  Probe  
  53  4:16  Resonating Glaives (Chrono Boost)  
  54  4:22  Pylon  
  54  4:31  Nexus  
  54  4:34  Pylon  
  54  4:40  Probe  
  54  4:44  Probe  
  56  4:49  Adept, Pylon  
  56  4:50  Pylon  
  56  4:52  Adept x2  
  62  4:53  Probe  
  62  4:56  Probe  
  62  4:57  Phoenix  
  66  5:05  Probe  
  66  5:06  Pylon  
  66  5:07  Adept  
  69  5:11  Probe  
  68  5:17  Adept x3, Probe  
  75  5:23  Probe  
  76  5:29  Probe  
  76  5:34  Adept  
  80  5:35  Probe  
  80  5:41  Adept, Probe  
  80  5:42  Adept x2  
  86  5:44  Probe  
  86  5:47  Probe  
  88  5:53  Probe  
  88  5:56  Robotics Facility x2, Probe  
  90  5:59  Probe  
  90  6:03  Blink  
  91  6:05  Probe  
  91  6:08  Probe  
  91  6:10  Adept x3  
  99  6:12  Probe  
  99  6:17  Probe  
  101  6:20  Probe  
  100  6:29  Probe  
  100  6:30  Probe  
  100  6:31  Adept x4  
  106  6:39  Probe  
  103  6:41  Probe  
  103  6:43  Probe  
  103  6:45  Immortal  
  107  6:49  Pylon  
  107  6:54  Robotics Bay  
  107  6:57  Assimilator  
  107  6:58  Assimilator  
  107  7:00  Assimilator  
  107  7:04  Pylon  
  107  7:05  Probe  
  107  7:07  Immortal  
  110  7:08  Gateway  
  110  7:11  Probe  
  87  7:24  Immortal (Chrono Boost), Probe  
  92  7:33  Probe  
  93  7:37  Forge  
  93  7:39  Gateway  
  93  7:41  Gateway, Stalker  
  93  7:42  Stalker x2  
  99  7:47  Immortal (Chrono Boost)  
  103  7:55  Sentry  
  105  8:00  Disruptor (Chrono Boost)  
  105  8:01  Probe  
  105  8:05  Stalker x3  
  111  8:06  Stalker  
  110  8:13  Probe  
  110  8:15  Disruptor  
  110  8:18  Probe x2  
  116  8:22  Stalker  
  116  8:25  Warp Prism, Probe  
  119  8:31  Adept x3  
  125  8:34  Nexus  
  125  8:37  Pylon  
  125  8:40  Assimilator  
  125  8:43  Gateway  
  125  8:45  Pylon  
  122  8:55  Probe  
  123  8:59  Probe  
  123  9:01  Stalker  
  121  9:02  Probe  
  121  9:03  Stalker x5  
  121  9:05  Pylon  
  121  9:07  Pylon  
  121  9:08  Pylon  
  131  9:23  Disruptor x2  
  137  9:26  Photon Cannon  
  137  9:28  Stalker x5  
  137  9:29  Stalker  
  149  9:40  Stalker x2  
  150  9:54  Stalker x4  
  152  10:07  Stalker x3  
  152  10:08  Stalker  

Tags
 
Add a new tag
Caveats
  • Supply blocks, unpowered buildings, or Contaminate may cause inaccurate times.
  • Supply counts are checked every 10 seconds.